 Dungeon Crawl Stone Soup version 0.31-a0-659-gc5a091b79a (webtiles) character file.

Game seed: 6125986710382339021

60 GordonOverkill the Sneak (level 4, -6/29 HPs)
             Began as a Tengu Delver on Aug 31, 2023.
             Mangled by an iguana (8 damage)
             ... on level 4 of the Dungeon.
             The game lasted 00:05:59 (2134 turns).

GordonOverkill the Sneak (Tengu Delver)             Turns: 2134, Time: 00:05:59

Health: -6/29      AC:  3    Str: 13    XL:     4   Next: 4%
Magic:  5/5        EV: 12    Int: 12    God:
Gold:   190        SH:  0    Dex: 15    Spells: 3/3 levels left

rFire   . . .        a - +0 spear
rCold   . . .        (no shield)
rNeg    + . .        b - +0 leather armour
rPois   .            (helmet restricted)
rElec   .            (no cloak)
rCorr   .            (no gloves)
SInv    .            (boots unavailable)
Will    .....        (no amulet)
Stlth   +++          j - ring of positive energy
HPRegen 0.24/turn    (no ring)
MPRegen 0.09/turn

%: no passive effects
@: no status effects
A: beak, talons 3
a: no special abilities


You were on level 4 of the Dungeon.
You visited 1 branch of the dungeon, and saw 6 of its levels.

You collected 190 gold pieces.

Inventory:

Hand Weapons
 a - a +0 spear (weapon)
Missiles
 w - 3 poisoned darts (quivered)
Armour
 b - a +0 leather armour (worn)
Jewellery
 j - a ring of positive energy (left hand)
 p - a ring of flight
Wands
 g - a wand of digging (3)
Scrolls
 c - a scroll of fog
 d - 5 scrolls of revelation
 e - 3 scrolls of fear
 l - a scroll of brand weapon {unknown}
 n - a scroll of vulnerability {unknown}
 q - a scroll of immolation {unknown}
 t - a scroll of teleportation
 v - a scroll of poison {unknown}
Potions
 f - a potion of haste
 h - a potion of heal wounds
 k - a potion of might
 m - a potion of resistance
 o - a potion of enlightenment {unknown}
 r - a potion of invisibility {unknown}
 s - a potion of magic {unknown}
 u - a potion of attraction {unknown}
 x - a potion of brilliance {unknown}


   Skills:
 + Level 3.7 Fighting
 - Level 4.0 Polearms
 - Level 2.1 Dodging
 - Level 5.0 Stealth


You had 3 spell levels left.
You didn't know any spells.
Your spell library contained the following spells:

 Spells                   Type           Power      Damage    Failure   Level
 Shock                    Conj/Air       0%         1d3       38%         1
 Swiftness                Air            0%         N/A       77%         3
 Airstrike                Air            0%         2d(0-16)  99%         4


Dungeon Overview and Level Annotations

Branches:
Dungeon (6/15)
 Temple: D:4-7

Altars:

Shops:
D:1 ((([   D:5 ?


Innate Abilities, Weirdness & Mutations

You have a beak for a mouth.
You have claws for feet.


Message History

You climb upwards.
There is a stone staircase leading down here.
You start waiting.
Your surroundings suddenly seem different.
There is a stone staircase leading down here.
You climb downwards.
There is a stone staircase leading up here.
Okay, then.
An iguana comes into view.
Found a stone staircase leading down.
You reach to attack!
The helpless iguana fails to defend itself.
You hit the iguana.
The iguana is lightly wounded.
You hit the iguana. You claw the iguana.
The iguana is heavily wounded.
The iguana bites you but does no damage.
You hit the iguana but do no damage. You claw the iguana.
The iguana is severely wounded.
The iguana bites you!
* * * LOW HITPOINT WARNING * * *
You are too injured to fight recklessly!
You hit the iguana but do no damage. You claw the iguana, but do no damage.
Your peck misses the iguana.
The iguana is severely wounded.
The iguana bites you.
* * * LOW HITPOINT WARNING * * *
You hit the iguana.
The iguana is severely wounded.
The iguana bites you.
* * * LOW HITPOINT WARNING * * *
You hit the iguana but do no damage. You claw the iguana.
Your peck misses the iguana.
The iguana is almost dead.
The iguana bites you!
* * * LOW HITPOINT WARNING * * *
You hit the iguana but do no damage. You claw the iguana, but do no damage.
The iguana is almost dead.
The iguana bites you!
You die...

##########
#........#
#.######.#
#.# .# #.#
####l#.###.
#.#
#..@.......
#.#
#.##.#.###>
#.# #.# .#
#<###.##.#
#........#
#.###.#.##
#.#...#.#
#.#.###.#
##+##
#.#.###.#
##...##


You could see an iguana.

Vanquished Creatures
  A worm (D:3)
  A dart slug (D:2)
  7 ball pythons
  6 bats
  8 endoplasms
  2 giant cockroaches (D:2)
  4 goblins
  5 hobgoblins
  4 kobolds
  4 quokkas
  3 frilled lizards
  4 rats
49 creatures vanquished.

Notes
Turn   | Place    | Note
-------+----------+-------------------------------------------
     0 | D:5      | GordonOverkill the Tengu Delver began the quest for the
                  | Orb.
     0 | D:5      | Reached XP level 1. HP: 14/14 MP: 2/2
     1 | D:6      | Noticed an ice beast
     1 | D:6      | Noticed a bullfrog
    25 | D:5      | Found Vusuicec's Magic Scroll Shoppe.
    29 | D:5      | Noticed an iguana
   183 | D:1      | Reached XP level 2. HP: 19/19 MP: 3/3
   311 | D:1      | Found Nema's Weapon Emporium.
   438 | D:1      | Found Jalliran's Weapon Shoppe.
   502 | D:1      | Found Qisoyt's Weapon Emporium.
   528 | D:1      | Reached XP level 3. HP: 22/23 MP: 4/4
   564 | D:1      | Found Qemutrue's Armour Boutique.
  1736 | D:3      | Reached XP level 4. HP: 28/28 MP: 5/5
  2133 | D:4      | HP: 1/29 [iguana (12)]
  2134 | D:4      | Mangled by an iguana

Illustrated notes

Levels and vault maps discovered:
D:1:      dpeg_arrival_simpleton_a, layout_basic, serial_shops,
          nicolae_shop_crystal, nicolae_shop_statue_plus,
          nicolae_shop_tiny_glass, nicolae_shop_waterfront, serial_glass,
          glass_columns_b, glass_columns_b
D:2:      layout_rooms
D:3:      layout_loops_ring
D:4:      layout_loops_corners
D:5:      layout_cave_pools, serial_shops, nicolae_shop_statue_plus,
          chequers_jeans
D:6:      layout_cave_pools, minmay_temple_entry_mini_moons, serial_shops, shop

Skill      XL: |  1  2  3 |
---------------+----------+-----
Polearms       | 3 4 |  4.0
Fighting       | |  3.7
Dodging        | |  2.1
Stealth        | |  5.0

Action                     |  1- 3 |  4- 6 || total
---------------------------+-------+-------++-------
  Melee: Spear             |    92 |    11 ||   103
         Kick              |    23 |     6 ||    29
         Peck              |     7 |     4 ||    11
         Punch             |     1 |       ||     1
    Use: Scroll            |       |     4 ||     4
   Stab: Sleeping          |    22 |     1 ||    23
 Armour: Leather armour    |    13 |     8 ||    21
  Dodge: Dodged            |    41 |     3 ||    44

Table legend: (Time is in decaauts)
 A = Elapsed time spent in this place.
 B = Non-inter-level travel time spent in this place.
 C = Inter-level travel time spent in this place.
 D = Time resting spent in this place.
 E = Time spent auto-exploring this place.
 F = Levels seen in this place.
 G = Mean time per level.
                   A        B        C        D        E       F      G
               +--------+--------+--------+--------+--------+-----+--------+
         Total |   2127 |   1880 |    247 |    135 |   1192 |   6 |  354.5 |
       Dungeon |   2127 |   1880 |    247 |    135 |   1192 |   6 |  354.5 |
               +--------+--------+--------+--------+--------+-----+--------+

Top non-repeatable levels by time:
     D:1: 787 daAuts
     D:3: 654 daAuts
     D:2: 577 daAuts
     D:4: 76 daAuts
     D:5: 31 daAuts
     D:6: 1 daAuts
